 Dungeon Crawl Stone Soup version 0.18.1-47-g9310371 (webtiles) character file.

20946 Vincendra the Basher (level 12, -6/112 HPs)
             Began as a Minotaur Fighter on June 21, 2016.
             Was the Champion of Trog.
             Mangled by a large slime creature (24 damage)
             ... on level 13 of the Dungeon.
             The game lasted 00:40:44 (11276 turns).

Vincendra the Basher (Minotaur Fighter)            Turns: 11276, Time: 00:40:45

Health: -6/112     AC: 29    Str: 28 (30) XL:     12   Next: 49%
Magic:  11/11      EV:  7    Int:  5      God:    Trog [******]
Gold:   674        SH: 17    Dex: 10 (12) Spells: 0 memorised, 11 levels left

rFire  . . .     SeeInvis .     R - +2 flail (protect)
rCold  + . .     Gourm    .     o - +0 plate armour
rNeg   . . .     Faith    .     c - +1 shield
rPois  .         Spirit   .     (helmet restricted)
rElec  .         Dismiss  .     (no cloak)
rCorr  .         Reflect  +     t - +2 pair of gloves
SustAt .         Harm     .     j - +0 pair of boots
MR     +....                    V - amulet "Diroec" {Reflect Str+4 SH+3}
Stlth  ..........               E - ring of protection from magic
                                h - +5 ring of protection

@: somewhat resistant to hostile enchantments, extremely unstealthy
A: retaliatory headbutt, horns 2, thin skeletal structure 1, cold resistance 1
a: Berserk, Trog's Hand, Brothers in Arms, Burn Spellbooks, Renounce Religion


You were on level 13 of the Dungeon.
You worshipped Trog.
Trog was exalted by your worship.
You were not hungry.

You visited 1 branch of the dungeon, and saw 13 of its levels.
You also visited: Sewer.

You collected 674 gold pieces.

Inventory:

Hand Weapons
 Q - a +3 antimagic rapier
 R - a +2 flail of protection (weapon)
Missiles
 T - 4 javelins of penetration (quivered)
Armour
 c - a +1 shield (worn)
 j - a +0 pair of boots (worn)
 o - a +0 plate armour (worn)
 t - a +2 pair of gloves (worn)
Jewellery
 h - a +5 ring of protection (left hand)
 E - a ring of protection from magic (right hand)
 I - a +5 amulet of reflection
 L - an uncursed ring of stealth
 M - an uncursed ring of fire
 S - an uncursed ring of poison resistance
 V - the amulet "Diroec" (around neck) {Reflect Str+4 SH+3}
   (You found it on level 13 of the Dungeon)

   [amulet of reflection]

   It shields you and reflects attacks.
   It affects your strength (+4).
   It affects your SH (+3).
Wands
 a - a wand of paralysis (12/24)
 b - a wand of teleportation (4/9)
 e - a wand of confusion (12/48)
 G - a wand of slowing (39/48)
Scrolls
 k - 5 scrolls of blinking
 l - 2 scrolls of recharging
 n - 2 scrolls of fog
 r - 3 scrolls of remove curse
 s - 2 scrolls of identify
 u - 7 scrolls of teleportation
 v - 2 scrolls of enchant armour
 y - a scroll of fear
 H - a scroll of noise
 N - 2 scrolls of enchant weapon
 U - a scroll of magic mapping
 W - a scroll of immolation
Potions
 d - 2 potions of might
 g - 6 potions of curing
 i - 2 potions of haste
 x - 4 potions of mutation
 z - 2 potions of brilliance {unknown}
 B - a potion of magic {unknown}
 D - 2 potions of berserk rage {unknown}
 J - a potion of heal wounds {unknown}
 K - a potion of lignification {unknown}
 P - a potion of ambrosia {unknown}
Comestibles
 f - 5 bread rations
 m - 9 meat rations
 w - a slice of pizza
 O - 25 fruits


   Skills:
 + Level 12.0 Fighting
 + Level 12.1 Maces & Flails
 - Level 9.0 Throwing
 * Level 10.7 Armour
 - Level 12.0 Shields


You had 11 spell levels left.
You didn't know any spells.

Dungeon Overview and Level Annotations

Branches:
Dungeon (13/15)            Temple (0/1) D:7            Lair (0/8) D:9
    Orc (0/2) D:9          Vaults (0/5) D:13

Altars:
Dithmenos
Gozag
Kikubaaqudgha
Makhleb
Nemelex Xobeh
Okawaru
Pakellas
Qazlal
Sif Muna
Trog
Yredelemnul
Zin

Shops:
D:10 (


Innate Abilities, Weirdness & Mutations

You reflexively headbutt those who attack you in melee.
You have a pair of horns on your head.
You have a somewhat thin skeletal structure (Dex +2, Stealth).
Your flesh is cold resistant.


Message History

The large slime creature closely misses you.
You furiously retaliate!
You headbutt the large slime creature!
There is an open door here.
There's nothing to close nearby.
There's a creature in the doorway!
There is an open door here.
There is an open door here.
There is an escape hatch in the ceiling here.
You can't go down here!
You block the large slime creature's attack.
A mysterious force pulls you upwards. The hatch slams shut behind you.
There is a stone staircase leading down here.
The large slime creature hits you!!
* * * LOW HITPOINT WARNING * * *
You climb downwards.
There is a stone staircase leading up here.
You sock the large slime creature!
The large slime creature is lightly wounded.
The large slime creature hits you!!
You die...

,,,,,,,,,*,,,,,*,##############..
,,,,,,,,,*****,+,#∩#.#.#.#.#.##..
,,,,,,,,,* ***,##.#.#.#.#.#.##.
********** **#.#.#.#.#.#.###. *
##.#.#(#.#.#.### * #.#.#.#.#)#.##
# * ##.#.#.#.#)#.### **
###.#.#.#.#)#.###. ,*
#@##.#.#.#.#.#.##. ,*
#J#############)#. ,*
#........+..(...#. ,*
#........######..) ,** #........#
###. ,,* #........# #. *,*
#........# #. *,**** #........#
#. *,,,,** ####'##### ##


You could see a large slime creature.

Vanquished Creatures
  A vault guard (D:13)
  Erolcha (D:10)
  A hydra (D:12)
  Erica (D:11)
  The ghost of TBriggs11TB the Nimble, a journeyman SpAs of Dithmenos (D:13)
  9 hill giants
  2 ugly things
  A cyclops (D:12)
  A griffon (D:13)
  The ghost of Sagrath01 the Basher, a novice OgBe of Trog (D:5)
  A yaktaur (D:13)
  2 slime creatures (D:13)
  A shadow (D:12)
  2 wyverns (D:8)
  Grum (D:10)
  2 hippogriffs
  10 yaks
  A hungry ghost (D:7)
  A water moccasin (D:11)
  7 orc warriors
  A wasp (D:11)
  4 ice beasts
  4 sky beasts
  11 centaurs
  3 wolves (D:10)
  2 ogres (D:6)
  7 big kobolds
  2 crocodiles (D:9)
  Blork the orc (D:6)
  A gnoll sergeant (D:9)
  7 giant frogs
  A wyvern skeleton (D:13)
  9 scorpions
  11 killer bees
  6 howler monkeys
  5 wights (D:11)
  3 centaur zombies
  5 crimson imps
  8 hounds
  A giant frog skeleton (D:12)
  2 centaur skeletons
  8 orc priests
  14 orc wizards
  Crazy Yiuf (D:6)
  2 iguanas
  16 worker ants
  A killer bee zombie (D:9)
  3 hound skeletons
  A howler monkey zombie (D:6)
  A worker ant zombie (D:9)
  14 adders
  11 gnolls
  3 river rats (D:9)
  A shadow imp (D:13)
  An ooze (D:4)
  A worm (D:3)
  4 dart slugs
  11 giant geckos
  41 orcs
  6 giant cockroaches
  4 goblins
  6 hobgoblins
  12 jackals
  26 kobolds
  6 quokkas
  6 ball pythons
  25 bats
  A giant gecko skeleton (D:4)
  5 giant newts
  2 quokka skeletons (D:8)
  A quokka zombie (D:8)
  14 rats
  2 fungi
  5 plants
396 creatures vanquished.

Vanquished Creatures (others)
  2 centaurs (D:10)
  A kobold (D:12)
  A fungus (D:9)
  A plant (Sewer)
5 creatures vanquished.

Grand Total: 401 creatures vanquished

Notes
Turn   | Place    | Note
--------------------------------------------------------------
     0 | D:1      | Vincendra the Minotaur Fighter began the quest for the Orb.
     0 | D:1      | Reached XP level 1. HP: 19/19 MP: 0/0
   240 | D:1      | Reached XP level 2. HP: 26/26 MP: 1/1
   703 | D:2      | Reached XP level 3. HP: 28/31 MP: 2/2
   766 | D:2      | Found a faded altar to an unknown god.
   839 | D:2      | Found a bloodstained altar of Trog.
   849 | D:2      | Became a worshipper of Trog the Wrathful
  1265 | D:2      | Reached skill level 5 in Maces & Flails
  1772 | D:3      | Found a burning altar of Makhleb.
  1861 | D:3      | Found a shadowy altar of Dithmenos.
  1889 | D:3      | Reached XP level 4. HP: 39/39 MP: 3/3
  2092 | D:3      | Reached * piety under Trog
  2285 | D:4      | Found an opulent altar of Gozag.
  2296 | D:4      | Found an iron altar of Okawaru.
  2324 | D:4      | Reached XP level 5. HP: 45/45 MP: 4/4
  2558 | D:4      | Found a stormy altar of Qazlal.
  2558 | D:4      | Found a basalt altar of Yredelemnul.
  2591 | D:4      | Found a glowing drain.
  2624 | Sewer    | Entered a sewer
  3116 | Sewer    | Reached ** piety under Trog
  3381 | D:4      | Reached XP level 6. HP: 30/51 MP: 5/5
  3621 | D:5      | Entered Level 5 of the Dungeon
  3721 | D:5      | Noticed Sagrath01's ghost (novice OgBe)
  3726 | D:5      | Noticed a sky beast
  3732 | D:5      | Killed Sagrath01's ghost
  3732 | D:5      | Reached skill level 10 in Maces & Flails
  3732 | D:5      | Reached XP level 7. HP: 57/57 MP: 6/6
  3762 | D:5      | Gained mutation: You possess an exceptional clarity of mind. [mutagenic meat]
  3763 | D:5      | Gained mutation: Your body sometimes deteriorates upon taking damage. [mutagenic meat]
  3764 | D:5      | Gained mutation: You have a pair of large horns on your head. [mutagenic meat]
  3765 | D:5      | Gained mutation: Scrolls take you a little longer to read. [mutagenic meat]
  4081 | D:6      | Reached XP level 8. HP: 55/64 MP: 7/7
  4261 | D:6      | Noticed Blork the orc
  4275 | D:6      | Killed Blork the orc
  4275 | D:6      | Reached skill level 5 in Armour
  4417 | D:6      | Reached skill level 5 in Shields
  4460 | D:6      | Reached *** piety under Trog
  4758 | D:6      | Lost mutation: Scrolls take you a little longer to read. [mutagenic meat]
  4759 | D:6      | Gained mutation: Your flesh is cold resistant. [mutagenic meat]
  4760 | D:6      | Gained mutation: Your muscles are strong. (Str +2) [mutagenic meat]
  4761 | D:6      | Gained mutation: Your spells are a little harder to cast, but a little more powerful. [mutagenic meat]
  4819 | D:6      | Reached XP level 9. HP: 70/70 MP: 8/8
  4866 | D:6      | Noticed Crazy Yiuf
  4871 | D:6      | Killed Crazy Yiuf
  5074 | D:6      | Found a glowing silver altar of Zin.
  5074 | D:6      | Found an ancient bone altar of Kikubaaqudgha.
  5075 | D:6      | Found an oddly glowing altar of Pakellas.
  5385 | D:7      | Found a staircase to the Ecumenical Temple.
  5930 | D:8      | Reached **** piety under Trog
  6301 | D:8      | Found a sparkling altar of Nemelex Xobeh.
  6621 | D:8      | Reached skill level 10 in Armour
  6635 | D:8      | Found a deep blue altar of Sif Muna.
  6848 | D:9      | Reached XP level 10. HP: 78/78 MP: 9/9
  6872 | D:9      | Reached ***** piety under Trog
  6903 | D:9      | Found a staircase to the Orcish Mines.
  7182 | D:9      | Reached skill level 10 in Shields
  7364 | D:9      | Found a staircase to the Lair.
  7532 | D:9      | Reached skill level 5 in Fighting
  8241 | D:10     | Entered Level 10 of the Dungeon
  8241 | D:10     | Noticed a hill giant
  8242 | D:10     | Noticed a hill giant
  8250 | D:10     | Killed a hill giant
  8258 | D:10     | Killed a hill giant
  8310 | D:10     | Found Dimil's Antique Weapon Shop.
  8329 | D:10     | Noticed a hill giant
  8336 | D:10     | Killed a hill giant
  8350 | D:10     | Noticed Grum
  8371 | D:10     | Killed Grum
  8399 | D:10     | Reached XP level 11. HP: 95/95 MP: 10/10
  8449 | D:10     | Noticed Erolcha
  8464 | D:10     | Killed Erolcha
  8527 | D:10     | Received a gift from Trog
  8880 | D:11     | Noticed a hill giant
  8889 | D:11     | Noticed a hill giant
  8892 | D:11     | Killed a hill giant
  8892 | D:11     | Reached skill level 10 in Fighting
  8900 | D:11     | Killed a hill giant
  8931 | D:11     | Noticed a hill giant
  8936 | D:11     | Killed a hill giant
  9191 | D:11     | Noticed a hill giant
  9198 | D:11     | Killed a hill giant
  9227 | D:11     | Received a gift from Trog
  9396 | D:11     | Noticed Erica
  9420 | D:11     | Killed Erica
  9720 | D:11     | Noticed a red ugly thing
  9733 | D:11     | Killed a red ugly thing
  9733 | D:11     | Reached skill level 5 in Throwing
  9819 | D:11     | Reached ****** piety under Trog
 10076 | D:11     | Gained mutation: You have a somewhat thin skeletal structure (Dex +2, Stealth). [potion of mutation]
 10076 | D:11     | Lost mutation: Your muscles are strong. (Str +2) [potion of mutation]
 10251 | D:12     | Noticed a six-headed hydra
 10252 | D:12     | Noticed a hill giant
 10259 | D:12     | Killed a six-headed hydra
 10263 | D:12     | Killed a hill giant
 10263 | D:12     | Reached XP level 12. HP: 110/110 MP: 11/11
 10838 | D:13     | Noticed a vault guard
 10865 | D:13     | Killed a vault guard
 10875 | D:13     | Got a warped brass amulet
 10883 | D:13     | Identified the amulet "Diroec" {Reflect Str+4 SH+3} (You found it on level 13 of the Dungeon)
 10895 | D:13     | Found a gate to the Vaults.
 11079 | D:13     | Lost mutation: Your body sometimes deteriorates upon taking damage. [potion of cure mutation]
 11079 | D:13     | Lost mutation: You possess an exceptional clarity of mind. [potion of cure mutation]
 11079 | D:13     | Lost mutation: You have a pair of large horns on your head. [potion of cure mutation]
 11079 | D:13     | Lost mutation: Your spells are a little harder to cast, but a little more powerful. [potion of cure mutation]
 11113 | D:13     | Noticed TBriggs11TB's ghost (journeyman SpAs)
 11138 | D:13     | Killed TBriggs11TB's ghost
 11276 | D:13     | Mangled by a large slime creature

Skill      XL: |  1  2  3  4  5  6  7  8  9 10 11 12 |
---------------+-------------------------------------+-----
Maces & Flails | 3 4 5 6 7 10 11 12 | 12.1
Armour         | 7 10 | 10.7
Shields        | 6 9 12 | 12.0
Fighting       | 8 11 12 | 12.0
Throwing       | 7 9 |  9.0

Action                   |  1- 3 |  4- 6 |  7- 9 | 10-12 || total
-------------------------+-------+-------+-------+-------++-------
Melee: Flail             |    93 |   233 |   385 |   706 ||  1417
       Headbutt          |    14 |    36 |    62 |   172 ||   284
Throw: Javelin           |       |       |       |    12 ||    12
Invok: Berserk           |       |     1 |     3 |    10 ||    14
       Burn Spellbooks   |       |       |       |     1 ||     1
       Trog's Hand       |       |       |       |     1 ||     1
  Use: Scroll            |     5 |       |     5 |     8 ||    18
       Potion            |       |     1 |       |     8 ||     9
  Eat: Bread ration      |     1 |       |     2 |     2 ||     5
       Chunk             |       |     5 |    21 |    14 ||    40
       Fruit             |       |       |       |     4 ||     4
Armor: Scale mail        |    45 |       |       |       ||    45
       Plate armour      |     7 |   121 |   144 |   268 ||   540
Dodge: Dodged            |    22 |    30 |    36 |    90 ||   178
Block: Shield            |    47 |   102 |   216 |   580 ||   945
       Reflection        |       |       |     7 |    26 ||    33
